 Dungeon Crawl Stone Soup version 0.30-a0-760-g5a9884bb7c (webtiles) character file.

Game seed: 13954181631664743677

4 cforsyth the Caller (level 1, -3/10 HPs)
             Began as a Tengu Summoner on Feb 11, 2023.
             Slain by a quokka (5 damage)
             ... on level 1 of the Dungeon.
             The game lasted 00:00:24 (270 turns).

cforsyth the Caller (Tengu Summoner)                 Turns: 270, Time: 00:00:24

Health: -3/10      AC:  2    Str:  8    XL:     1   Next: 70%
Magic:  2/4        EV: 12    Int: 15    God:
Gold:   10         SH:  0    Dex: 14    Spells: 3/4 levels left

rFire   . . .      SeeInvis .    (no weapon)
rCold   . . .      Faith    .    (no shield)
rNeg    . . .      Spirit   .    a - +0 robe
rPois   .          Reflect  .    (helmet restricted)
rElec   .          Harm     .    (no cloak)
rCorr   .          Rampage  .    (no gloves)
Will    .....                    (boots unavailable)
Stlth   ++                       (no amulet)
HPRegen 0.21/turn                (no ring)
MPRegen 0.09/turn                (no ring)

@: no status effects
A: beak, talons 3
a: no special abilities


You were on level 1 of the Dungeon.
You visited 1 branch of the dungeon, and saw 1 of its levels.

You collected 10 gold pieces.

Inventory:

Armour
 a - a +0 robe (worn)
Scrolls
 c - 2 scrolls of identify {unknown}
 d - a scroll of amnesia {unknown}
Potions
 b - a potion of magic
 e - a potion of lignification {unknown}


   Skills:
 - Level 2.1 Dodging
 - Level 2.0 Stealth
 + Level 2.2 Spellcasting
 + Level 5.0 Summonings


You had 3 spell levels left.
You knew the following spells:

 Your Spells              Type           Power      Damage    Failure   Level
a - Summon Small Mammal   Summ           64%        N/A       2%          1

Your spell library contained the following spells:

 Spells                   Type           Power      Damage    Failure   Level
 Call Imp                 Summ           16%        N/A       4%          2
 Call Canine Familiar     Summ           16%        N/A       9%          3
 Summon Guardian Golem    Hex/Summ       9%         N/A       24%         3
 Summon Lightning Spire   Summ/Air       9%         N/A       61%         4


Dungeon Overview and Level Annotations

Branches:
Dungeon (1/15)

Altars:


Innate Abilities, Weirdness & Mutations

You have a beak for a mouth.
You have claws for feet.


Message History

A quokka is nearby!
Your bat completely misses the quokka.
The quokka barely misses you.
You miss the quokka. Your bat hits the quokka. The quokka bites you.
You hit the quokka. Your peck misses the quokka.
The quokka is heavily wounded.
The quokka bites you but does no damage.
Your bat hits the quokka but does no damage.
The quokka barely misses you.
Your rat barely misses the quokka.
You hit the quokka but do no damage.
The quokka is heavily wounded.
Your bat closely misses the quokka.
The quokka bites you.
Your rat closely misses the quokka.
You hit the quokka but do no damage.
The quokka is heavily wounded.
Your bat hits the quokka but does no damage.
The quokka bites you.
Your rat misses the quokka.
You are too injured to fight recklessly!
You are too injured to fight recklessly!
You are too injured to fight recklessly!
You are too injured to fight recklessly!
You are too injured to fight recklessly!
You are too injured to fight recklessly!
You are too injured to fight recklessly!
You are too injured to fight recklessly!
You are too injured to fight recklessly!
You miss the quokka. You claw the quokka, but do no damage.
The quokka is heavily wounded.
Your bat barely misses the quokka.
The quokka bites you.
* * * LOW HITPOINT WARNING * * *
Your rat misses the quokka. You miss the quokka. Your kick misses the quokka.
Your peck misses the quokka.
The quokka is heavily wounded.
Your bat hits the quokka but does no damage.
The quokka barely misses you.
Your rat closely misses the quokka.
You closely miss the quokka. You claw the quokka, but do no damage.
The quokka is heavily wounded.
Your bat barely misses the quokka.
The quokka closely misses you. The quokka bites you.
Ouch! That really hurt!
You die...

#....#.###...#
#.#.......#..# #
#>#..#.......#
#.#.......#..#
#.#.#..##......#
#.######### .#
#.#.#..........###.#......
.. #.....................#
# ..
###.####....##.###.#.#....
....## #.#####.###........
#....# #.# #....#######.
#....# #.# #r.@.# #....#
#.# #.r..#
#..).###+##......##
.(...........b...#
#................# #......
#...........##.... #.....
#.)......... ##### #....
#.######+## #.. #...###
#'######... #.# #...#..


You could see a quokka (ally target), a friendly bat (summoned) and a friendly
rat (summoned).

Vanquished Creatures
  A goblin (D:1)
  A frilled lizard (D:1)
2 creatures vanquished.

Vanquished Creatures (collateral kills)
  An endoplasm (D:1)
  2 kobolds (D:1)
3 creatures vanquished.

Grand Total: 5 creatures vanquished

Notes
Turn   | Place    | Note
-------+----------+-------------------------------------------
     0 | D:1      | cforsyth the Tengu Summoner began the quest for the Orb.
     0 | D:1      | Reached XP level 1. HP: 10/10 MP: 4/4
   166 | D:1      | Reached skill level 5 in Summonings
   270 | D:1      | Slain by a quokka

Illustrated notes

Levels and vault maps discovered:
D:1:      arrival_zaba_pyramid, layout_basic, chequers_serial_rivers_marsh

Skill      XL: |  1 |
---------------+----+-----
Summonings     | 5 |  5.0
Dodging        | |  2.1
Stealth        | |  2.0
Spellcasting   | |  2.2

Action                     || total
---------------------------++-------
  Melee: Unarmed           ||    12
         Kick              ||     4
   Cast: Summon Small Mamm ||    10
 Armour: Robe              ||     1
  Dodge: Dodged            ||     5

Table legend: (Time is in decaauts)
 A = Elapsed time spent in this place.
 B = Non-inter-level travel time spent in this place.
 C = Inter-level travel time spent in this place.
 D = Time resting spent in this place.
 E = Time spent auto-exploring this place.
 F = Levels seen in this place.
 G = Mean time per level.
                   A        B        C        D        E       F      G
               +--------+--------+--------+--------+--------+-----+--------+
         Total |    270 |    270 |      0 |      0 |    225 |   1 |  270.0 |
       Dungeon |    270 |    270 |      0 |      0 |    225 |   1 |  270.0 |
               +--------+--------+--------+--------+--------+-----+--------+

Top non-repeatable levels by time:
     D:1: 270 daAuts
